 Dungeon Crawl Stone Soup version 0.19.0-9-gfd783f2 (webtiles) character file.

682 mistymad the Ruffian (level 7, 0/57 HPs)
             Began as a Naga Transmuter on Nov 7, 2016.
             Slain by a killer bee (8 damage)
             ... on level 6 of the Dungeon.
             The game lasted 00:11:59 (4040 turns).

mistymad the Ruffian (Naga Transmuter)              Turns: 4040, Time: 00:11:59

Health: 0/57       AC:  2    Str: 13    XL:     7   Next: 61%
Magic:  10/12      EV: 19    Int: 15    God:
Gold:   125        SH:  0    Dex: 16    Spells: 3 memorised, 7 levels left

rFire  . . .     SeeInvis +       - Unarmed
rCold  . . .     Gourm    .     (armour currently unavailable)
rNeg   . . .     Faith    .     (shield currently unavailable)
rPois  x         Spirit   .     (helmet currently unavailable)
rElec  .         Reflect  .     (cloak currently unavailable)
rCorr  .         Harm     .     (gloves currently unavailable)
MR     .....                    (no barding)
Stlth  +.........               (no amulet)
                                (no ring)
                                (no ring)

@: spider-form (expiring)
A: see invisible, (deformed body), (poison resistance), (slowness 0), slow
metabolism 1, spit poison 1, AC +2
a: Spit Poison, End Transformation


You were on level 6 of the Dungeon.
You were hungry.
You were a venomous arachnid creature.
You visited 1 branch of the dungeon, and saw 6 of its levels.

You collected 125 gold pieces.

Inventory:

Hand Weapons
 s - a +0 blowgun (melded)
Missiles
 a - 63 arrows
 t - 3 curare-tipped needles
Armour
 b - a +0 robe (melded)
 e - a +0 pair of gloves (melded)
Wands
 o - a wand of iceblast (7/15)
Scrolls
 g - 2 scrolls of identify {unknown}
 n - 2 scrolls of enchant armour {unknown}
 p - a scroll of random uselessness {unknown}
 v - 2 scrolls of amnesia {unknown}
 w - a scroll of immolation {unknown}
 x - a scroll of blinking {unknown}
 y - 2 scrolls of remove curse {unknown}
 A - a scroll of teleportation {unknown}
 C - a scroll of fog {unknown}
Potions
 k - a potion of experience {unknown}
 l - 2 potions of agility {unknown}
 m - 3 potions of lignification {unknown}
 q - a potion of heal wounds {unknown}
 r - a potion of degeneration {unknown}
 u - a potion of flight {unknown}
 z - a potion of invisibility {unknown}
 B - 2 potions of might {unknown}
Books
 c - a book of Changes

   Spells                             Type                      Level
   a - Beastly Appendage              Transmutation                1
   b - Sticks to Snakes               Transmutation                2
   c - Spider Form                    Transmutation/Poison         3
   d - Ice Form                       Ice/Transmutation            4
   e - Blade Hands                    Transmutation                5
Comestibles
 d - 3 bread rations
 f - a slice of pizza
 h - 2 meat rations
 i - a beef jerky
 D - 4 fruits
 E - 3 chunks of flesh


   Skills:
 - Level 1.0 Fighting
 - Level 1.5 Dodging
 + Level 5.9 Unarmed Combat
 - Level 3.5 Spellcasting
 + Level 5.6 Transmutations


You had 7 spell levels left.
You knew the following spells:

 Your Spells              Type           Power        Failure   Level  Hunger
a - Beastly Appendage     Tmut           ###...       8%          1    None
b - Sticks to Snakes      Tmut           ###.....     10%         2    ##.....
c - Spider Form           Tmut/Pois      ##........   41%         3    ###....


Dungeon Overview and Level Annotations

Branches:
Dungeon (7/15)
 Temple: D:4-7

Altars:
Hepliaklqana
Nemelex Xobeh


Innate Abilities, Weirdness & Mutations

You cannot wear boots.
((Your serpentine skin is tough. (AC +2)))
You have supernaturally acute eyesight. (SInv)
((Armour fits poorly on your strangely shaped body.))
((Your system is resistant to poisons. (rPois)))
((You cover ground very slowly.))
You have a slow metabolism.
You can spit poison.


Message History

Unknown command.
You closely miss the killer bee.
The killer bee is almost dead.
You have got your breath back.
You feel sick.
You kill the killer bee!
The killer bee completely misses you.
You hit the killer bee.
The killer bee is poisoned.
The killer bee is lightly wounded.
You feel sick. The killer bee misses you.
You take 1 damage, and have 15/57 hp.
You miss the killer bee.
The killer bee is moderately wounded.
The killer bee stings you!
* * * LOW HITPOINT WARNING * * *
The killer bee stings you.
* * * LOW HITPOINT WARNING * * *
You take 14 damage, and have 1/57 hp.
MASSIVE DAMAGE!!
You feel better. The killer bee closely misses you. The killer bee stings you!
You die...

#.##.# .?#.#
#.#.# #.#.#
...# #.!#
#.####..#######
#...syy>.......
######....$....
#.........
#.........
#.........
##########


You could see 2 killer bees.

Vanquished Creatures
  Sigmund (D:2)
  An ice beast (D:7)
  A centaur (D:7)
  A killer bee (D:6)
  A crimson imp (D:7)
  8 gnolls
  A howler monkey skeleton (D:7)
  9 adders
  A shadow imp (D:7)
  An ooze (D:7)
  A worm (D:2)
  5 dart slugs
  2 orcs
  A ball python (D:1)
  9 bats
  7 giant cockroaches
  7 goblins
  10 hobgoblins
  2 jackals (D:1)
  6 frilled lizards
  7 kobolds
  5 rats
87 creatures vanquished.

Notes
Turn   | Place    | Note
-------+----------+-------------------------------------------
     0 | D:1      | mistymad the Naga Transmuter began the quest for the Orb.
     0 | D:1      | Reached XP level 1. HP: 18/18 MP: 3/3
   222 | D:1      | Reached XP level 2. HP: 8/25 MP: 3/5
   701 | D:1      | Reached XP level 3. HP: 31/31 MP: 4/6
  1291 | D:2      | Learned a level 2 spell: Sticks to Snakes
  1295 | D:2      | Learned a level 3 spell: Spider Form
  1346 | D:2      | Noticed Sigmund
  1356 | D:2      | Killed Sigmund
  1356 | D:2      | Reached XP level 4. HP: 32/38 MP: 4/9
  1356 | D:2      | Reached XP level 5. HP: 37/44 MP: 4/10
  1363 | D:2      | Reached XP level 6. HP: 38/51 MP: 1/11
  1679 | D:2      | Sapher: давай без лейра)
  1695 | D:2      | Sapher: и орков))
  1695 | D:2      | Sapher: и волтсов))
  1695 | D:2      | mistymad: XD где я тебе без орков форму достану? XD я чет не припомню где магазинчики еще есть
  1695 | D:2      | mistymad: + я нубас же Х_х уже раз 15 от жадности сдох
  1703 | D:2      | Sapher: ну лан)
  1703 | D:2      | mistymad: + хочу 15 XD
  1703 | D:2      | mistymad: >_> хотел глянуть твою ачивку. но черт. через профиль не найти. неудобно
  1703 | D:2      | Sapher: еще просто не обновилась инфа на скок я понимаю
  1703 | D:2      | mistymad: http://dobrazupa.org/tournament/0.19/players/sapher.html
  1703 | D:2      | mistymad: не) нашел. но по клику на ник тут не то открывается
  2566 | D:3      | Found a hazy altar of Hepliaklqana.
  2854 | D:3      | Found a sparkling altar of Nemelex Xobeh.
  3432 | D:4      | Reached skill level 5 in Unarmed Combat
  3538 | D:4      | You fall through a shaft for 3 floors!
  3565 | D:7      | mistymad: >_> +3 этажа. спасибо кравл Х_х
  3599 | D:7      | Noticed an ice beast
  3611 | D:7      | Killed an ice beast
  3611 | D:7      | Reached skill level 5 in Transmutations
  3611 | D:7      | Reached XP level 7. HP: 38/57 MP: 7/12
  4039 | D:6      | HP: 1/57 [killer bee (5)]
  4040 | D:6      | Slain by a killer bee

Skill      XL: |  1  2  3  4  5  6 |
---------------+-------------------+-----
Unarmed Combat | 4 5 |  5.9
Spellcasting   | 3 |  3.5
Transmutations | 3 5 |  5.6
Fighting       | |  1.0
Dodging        | |  1.5

Action                   |  1- 3 |  4- 6 |  7- 9 || total
-------------------------+-------+-------+-------++-------
Melee: Unarmed           |    89 |   132 |    35 ||   256
       Headbutt          |     8 |     2 |       ||    10
       Punch             |     1 |       |       ||     1
 Fire: Blowgun           |       |     2 |     2 ||     4
 Cast: Beastly Appendage |    13 |     2 |       ||    15
       Spider Form       |     1 |    28 |     5 ||    34
       Sticks to Snakes  |       |     1 |       ||     1
 Abil: Spit Poison       |     7 |     8 |     1 ||    16
  Use: Potion            |       |       |     2 ||     2
  Eat: Chunk             |     1 |    10 |     2 ||    13
Armor: Robe              |    36 |    20 |     4 ||    60
       Skin              |     1 |     8 |     2 ||    11
Dodge: Dodged            |    56 |   124 |    48 ||   228
